 Dungeon Crawl Stone Soup version 0.31-a0-267-g3fc6992b3b (webtiles) character file.

Game seed: 3475708979732800246

49 qw the Shooter (level 3, -2/29 HPs)
             Began as a Minotaur Hexslinger on July 14, 2023.
             Slain by an orc
             ... wielding a +1 trident of flaming
              (3 damage)
             ... on level 3 of the Dungeon.
             The game lasted 00:00:27 (1075 turns).

qw the Shooter (Minotaur Hexslinger)                Turns: 1075, Time: 00:00:27

Health: -2/29      AC:  5    Str: 12    XL:     3   Next: 53%
Magic:  3/3        EV: 11    Int: 10    God:
Gold:   91         SH:  0    Dex: 14    Spells: 3/4 levels left

rFire   . . .        Y - +1 sling
rCold   . . .        (no shield)
rNeg    . . .        f - +0 ring mail
rPois   +            (helmet restricted)
rElec   .            (no cloak)
rCorr   .            (no gloves)
SInv    .            (no boots)
Will    .....        (no amulet)
Stlth   +            g - ring of poison resistance
HPRegen 0.24/turn    (no ring)
MPRegen 0.08/turn

%: no passive effects
@: no status effects
A: horns 2, retaliatory headbutt
a: no special abilities


You were on level 3 of the Dungeon.
You visited 1 branch of the dungeon, and saw 3 of its levels.

You collected 91 gold pieces.


Innate Abilities, Weirdness & Mutations

You have a pair of horns on your head.
You reflexively headbutt those who attack you in melee.


   Skills:
 - Level 2.0 Fighting
 - Level 4.0 Ranged Weapons
 + Level 0.6 Armour
 - Level 2.1 Dodging
 - Level 1.0 Spellcasting
 - Level 2.0 Hexes


You had 3 spell levels left.
You knew the following spells:

 Your Spells              Type           Power      Damage    Failure   Level
a - Slow                  Hex            16%        N/A       34%         1

Your spell library contained the following spells:

 Spells                   Type           Power      Damage    Failure   Level
 Inner Flame              Hex/Fire       2%         N/A       83%         3
 Portal Projectile        Hex/Tloc       4%         N/A       83%         3
 Cause Fear               Hex            2%         N/A       98%         4

Inventory:

Hand Weapons
 Y - a +1 sling (weapon)
Armour
 f - a +0 ring mail (worn)
Jewellery
 g - a ring of poison resistance (left hand)
Scrolls
 a - a scroll of identify
Potions
 b - a potion of curing
 c - a potion of attraction {unknown}
 e - a potion of magic {unknown}
 h - a potion of enlightenment
 i - a potion of might {unknown}

Dungeon Overview and Level Annotations

Branches:
Dungeon (3/15)

Altars:

Shops:
D:2 :

Annotations:
D:1 1 transporter


Message History

An orc comes into view. It is wielding a +0 club.
You shoot a sling bullet.
The sling bullet closely misses the orc priest.
An orc comes into view. It is wielding a +0 dagger.
You shoot a sling bullet. The orc shouts!
The sling bullet hits the orc priest.
The orc priest is heavily wounded.
You shoot a sling bullet.
The sling bullet barely misses the orc priest.
The sling bullet barely misses the orc.
The sling bullet closely misses the orc.
You shoot a sling bullet.
The sling bullet barely misses the orc priest.
The sling bullet closely misses the orc.
The sling bullet hits the orc but does no damage.
The orc barely misses you.
The orc priest hits you but does no damage.
You shoot a sling bullet.
The sling bullet barely misses the orc priest.
The sling bullet barely misses the orc.
The sling bullet closely misses the orc.
The sling bullet hits the orc.
The orc is heavily wounded.
The orc priest hits you but does no damage.
The orc hits you from afar with a +1 trident of flaming.
The orc burns you.
You shoot a sling bullet.
The sling bullet hits the orc priest but does no damage.
The orc priest is heavily wounded.
The orc priest invokes the aid of Beogh against you.
Beogh smites you!
The orc hits you from afar with a +1 trident of flaming!
The orc burns you.
You shoot a sling bullet.
The sling bullet completely misses the orc priest.
The sling bullet hits the orc but does no damage.
The orc priest barely misses you. The orc closely misses you.
The orc hits you from afar with a +1 trident of flaming.
You die... .. ... .. ..# #. ..# ..#.# .#o# oo#

#o# #@# #.#
#.# #.# #.#
#.#.# #.#.#
#.#.########
#.#.##.....#


You could see an orc priest and 3 orcs.

Vanquished Creatures
  2 adders (D:2)
  A dart slug (D:1)
  2 bats
  3 endoplasms
  2 giant cockroaches
  A goblin (D:1)
  4 hobgoblins (D:2)
  A quokka (D:1)
  6 ball pythons
  A frilled lizard (D:1)
  3 kobolds
  2 rats
28 creatures vanquished.

Notes
Turn   | Place    | Note
-------+----------+-------------------------------------------
     0 | D:1      | qw the Minotaur Hexslinger began the quest for the Orb.
     0 | D:1      | Reached XP level 1. HP: 16/16 MP: 1/1
     0 | D:1      | 0 ||| qw: Version: 0.3-a-52-g30416fa
     0 | D:1      | 0 ||| qw: Game counter: 7821
     0 | D:1      | 0 ||| qw: Melee chars always use a shield: true
     0 | D:1      | 0 ||| qw: God list: Okawaru
     0 | D:1      | 0 ||| qw: Allow faded altars: false
     0 | D:1      | 0 ||| qw: Do Orc after clearing Dungeon:15 true
     0 | D:1      | 0 ||| qw: Do second Lair branch before Depths: true
     0 | D:1      | 0 ||| qw: Lair rune preference: random
     0 | D:1      | 0 ||| qw: Goals: Normal
     0 | D:1      | 0 ||| PLANNING D:1-11
   116 | D:1      | Reached skill level 3 in Ranged Weapons
   116 | D:1      | Reached XP level 2. HP: 23/23 MP: 2/2
   530 | D:1      | 530 ||| UPGRADING to +0 ring mail.
   540 | D:1      | 540 ||| DROPPING +0 robe.
   541 | D:1      | 541 ||| UPGRADING to ring of poison resistance.
   542 | D:1      | 542 ||| READING 4 scrolls labelled MUFEMU IPLUED.
   543 | D:1      | 543 ||| DRINKING 2 smoky black potions.
   544 | D:1      | 544 ||| READING 3 scrolls of identify.
   544 | D:1      | 544 ||| IDENTIFYING fuming cyan potion
   545 | D:1      | 545 ||| READING 2 scrolls of identify.
   545 | D:1      | 545 ||| IDENTIFYING bubbling orange potion
   546 | D:1      | 546 ||| DROPPING scroll of poison.
   547 | D:1      | 547 ||| DROPPING potion of degeneration.
   548 | D:1      | 548 ||| DROPPING potion of ambrosia.
   619 | D:2      | Reached XP level 3. HP: 29/29 MP: 3/3
   784 | D:2      | Reached skill level 4 in Ranged Weapons
   813 | D:2      | Found a faded altar of an unknown god.
   920 | D:2      | Found Veatsitu's Book Emporium.
  1010 | D:2      | 1010 ||| READING scroll labelled WUFIAPIONK.
  1011 | D:2      | 1011 ||| READING 2 scrolls of identify.
  1011 | D:2      | 1011 ||| IDENTIFYING viscous blue potion
  1074 | D:3      | HP: 4/29 [orc/+1 trident of flaming (9)]
  1074 | D:3      | HP: 1/29 [orc/+1 trident of flaming (3)]
  1075 | D:3      | Slain by an orc

Levels and vault maps discovered:
D:1:      spicycebolla_arrival_risky_transporter, layout_basic
D:2:      layout_basic, serial_shops, nicolae_shop_gibbet_a_chance,
          chequers_ecumenical_altar_simple, nicolae_underground_beach
D:3:      layout_basic, nicolae_shop_vocational

Skill      XL: |  1  2  3 |
---------------+----------+-----
Ranged Weapons | 3 4 |  4.0
Fighting       | 2 |  2.0
Armour         | |  0.6
Dodging        | |  2.1
Spellcasting   | |  1.0
Hexes          | |  2.0

Action                     || total
---------------------------++-------
   Fire: Sling             ||    83
    Use: Scroll            ||     5
         Potion            ||     1
 Armour: Ring mail         ||    11
  Dodge: Dodged            ||    24

Table legend:
 A = Non-vault XP
 B = Vault XP
 C = Vault XP percentage of total XP
 D = Non-vault monster count
 E = Vault monster count
 F = Vault count percentage of total count
                 A         B        C        D         E       F
            +---------+---------+-------+---------+---------+-------
      Total |      71 |       0 |   0.0 |      28 |       0 |   0.0
            +---------+---------+-------+---------+---------+-------
        D:1 |      25 |       0 |   0.0 |      14 |       0 |   0.0
        D:2 |      45 |       0 |   0.0 |      13 |       0 |   0.0
        D:3 |       1 |       0 |   0.0 |       1 |       0 |   0.0
            +---------+---------+-------+---------+---------+-------
